 Dungeon Crawl Stone Soup version 0.29-a0-322-g68df515428 (webtiles) character file.

Game seed: 13679279100951916424

88 kae the Firebug (level 4, -6/25 HPs)
             Began as a Tengu Fire Elementalist on Apr 7, 2022.
             Mangled by a gnoll
             ... wielding a +0 flail
              (11 damage)
             ... on level 2 of the Dungeon.
             The game lasted 00:00:58 (2610 turns).

kae the Firebug (Tengu Fire Elementalist)           Turns: 2610, Time: 00:00:58

Health: -6/25      AC:  2    Str:  8    XL:     4   Next: 54%
Magic:  2/8        EV:  6    Int: 18    God:
Gold:   90         SH:  0    Dex: 14    Spells: 4/7 levels left

rFire   . . .      SeeInvis .   c - +0 demon whip
rCold   . . .      Faith    .   g - +0 buckler
rNeg    . . .      Spirit   .   a - +0 robe
rPois   .          Reflect  .   (helmet restricted)
rElec   .          Harm     .   (no cloak)
rCorr   .          Rampage  .   (no gloves)
Will    .....                   (boots unavailable)
Stlth   ++........              (no amulet)
HPRegen 0.08/turn               (no ring)
MPRegen 0.11/turn               (no ring)

@: held
A: beak, talons 3
a: no special abilities


You were on level 2 of the Dungeon.
You visited 1 branch of the dungeon, and saw 2 of its levels.

You collected 90 gold pieces.

Inventory:

Hand Weapons
 c - a +0 demon whip (weapon)
Armour
 a - a +0 robe (worn)
 g - a +0 buckler (worn)
Scrolls
 d - 2 scrolls of teleportation {unknown}
 e - 2 scrolls of identify {unknown}
 f - 2 scrolls of magic mapping {unknown}
 k - a scroll of vulnerability {unknown}
 m - a scroll of fear {unknown}
Potions
 b - a potion of magic
 h - a potion of haste {unknown}
 i - a potion of heal wounds {unknown}
 j - a potion of berserk rage {unknown}
 l - a potion of might {unknown}


   Skills:
 + Level 1.3 Fighting
 + Level 1.4 Armour
 + Level 2.7 Dodging
 - Level 2.0 Stealth
 + Level 0.8 Shields
 + Level 2.4 Spellcasting
 + Level 2.4 Conjurations
 + Level 3.8 Fire Magic


You had 4 spell levels left.
You knew the following spells:

 Your Spells              Type           Power      Damage    Failure   Level
a - Foxfire               Conj/Fire      52%        2x1d6     7%          1
b - Scorch                Fire           30%        2d7       8%          2

Your spell library contained the following spells:

 Spells                   Type           Power      Damage    Failure   Level
 Conjure Flame            Conj/Fire      13%        6-21      21%         3
 Inner Flame              Hex/Fire       9%         N/A       32%         3
 Flame Wave               Conj/Fire      13%        2d6       54%         4


Dungeon Overview and Level Annotations

Branches:
Dungeon (2/15)

Altars:

Annotations:
D:2 Terence


Innate Abilities, Weirdness & Mutations

You have a beak for a mouth.
You have claws for feet.


Message History

The giant cockroach is severely wounded.
The foxfire hits the gnoll.
The gnoll is heavily wounded.
You hear a shout!
Casting: Foxfire (safe; 7% risk of failure)
Confirm with . or Enter, or press ? or * to list all spells.
You conjure some foxfire!
A gnoll comes into view. It is wielding a +0 flail.
The foxfire hits the gnoll.
The gnoll is almost dead.
The foxfire hits the gnoll.
You kill the gnoll!
The gnoll throws a throwing net.
The throwing net hits you.
You become entangled in the net!
The giant cockroach barely misses you.
Your magical contamination has completely faded away.
Casting: Foxfire (safe; 7% risk of failure)
Confirm with . or Enter, or press ? or * to list all spells.
You conjure some foxfire!
The foxfire hits the gnoll.
The gnoll is moderately wounded.
The giant cockroach bites you but does no damage.
The foxfire hits the gnoll.
The gnoll is moderately wounded.
The giant cockroach bites you but does no damage.
Casting: Foxfire (safe; 7% risk of failure)
Confirm with . or Enter, or press ? or * to list all spells.
You conjure some foxfire!
The giant cockroach barely misses you. The gnoll hits you with a +0 club!
A gnoll comes into view. It is wielding a +0 whip.
The giant cockroach bites you but does no damage.
The foxfire hits the gnoll.
The gnoll is severely wounded.
The foxfire hits the gnoll.
The gnoll is severely wounded.
The gnoll hits you with a +0 flail! The gnoll hits you with a +0 club.
* * * LOW HITPOINT WARNING * * *
The giant cockroach bites you.
* * * LOW HITPOINT WARNING * * *
You struggle against the net.
The gnoll barely misses you. The gnoll hits you with a +0 flail!
You die...

.............##.
.......##............#.
......##..............
.....##.......†...)..
....##.............†
#...##.........)...÷ ..
#..g####........###.
....#.gB####........#
#.
.$..g.g@#...........#
#.
###....)§...........# .
#...................
#...........#'#.....
###..................
#.................#.
...................'.
........#####.....
........# ...


You could see 3 gnolls, a giant cockroach and a goblin.

Vanquished Creatures
  Jessica (D:2)
  A gnoll (D:2)
  An adder (D:2)
  A worm (D:2)
  2 ball pythons (D:1)
  An endoplasm (D:1)
  4 goblins
  6 hobgoblins
  4 quokkas
  4 bats (D:2)
  8 kobolds
  7 rats
40 creatures vanquished.

Vanquished Creatures (others)
  134 foxfires
134 creatures vanquished.

Grand Total: 174 creatures vanquished

Notes
Turn   | Place    | Note
-------+----------+-------------------------------------------
     0 | D:1      | kae the Tengu Fire Elementalist began the quest for the
                  | Orb.
     0 | D:1      | Reached XP level 1. HP: 10/10 MP: 4/4
   170 | D:1      | Reached XP level 2. HP: 9/15 MP: 3/6
   349 | D:1      | Learned a level 2 spell: Scorch
  1762 | D:2      | Noticed Terence
  1783 | D:2      | Reached XP level 3. HP: 20/20 MP: 5/7
  1854 | D:2      | Reached skill level 1 in Fighting
  1876 | D:2      | Reached skill level 1 in Armour
  2408 | D:2      | Noticed Jessica
  2416 | D:2      | Killed Jessica
  2417 | D:2      | Reached XP level 4. HP: 16/25 MP: 1/8
  2610 | D:2      | Mangled by a gnoll

Illustrated notes

Levels and vault maps discovered:
D:1:      psy_arrival_radial01, layout_rooms, serial_co_window_serial,
          co_window_corner_a, co_window_corner_a, co_window_of_opportunity_a,
          co_window_paths_b, co_window_of_opportunity_a, co_window_paths_b,
          co_window_paths_a, co_window_corner_a, co_window_paths_a,
          co_window_cross_2, co_window_unsneaky_path_d, co_window_2corner,
          co_window_2corner, glass_columns_a, glass_columns_b, glass_columns_a,
          st_stairs_3, minmay_fountain_box
D:2:      layout_basic, uniq_jessica, uniq_terence

Skill      XL: |  1  2  3 |
---------------+----------+-----
Fighting       | 1 |  1.3
Armour         | 1 |  1.4
Conjurations   | 2 |  2.4
Dodging        | |  2.7
Stealth        | |  2.0
Shields        | |  0.8
Spellcasting   | |  2.4
Fire Magic     | |  3.8

Action                   |  1- 3 |  4- 6 || total
-------------------------+-------+-------++-------
Melee: Demon whip        |    21 |       ||    21
       Kick              |     3 |       ||     3
       Peck              |     4 |       ||     4
 Cast: Foxfire           |    64 |    11 ||    75
Armor: Robe              |     5 |     3 ||     8
Dodge: Dodged            |    18 |     4 ||    22
Block: Buckler           |     7 |     1 ||     8

Table legend: (Time is in decaauts)
 A = Elapsed time spent in this place.
 B = Non-inter-level travel time spent in this place.
 C = Inter-level travel time spent in this place.
 D = Time resting spent in this place.
 E = Time spent auto-exploring this place.
 F = Levels seen in this place.
 G = Mean time per level.
                   A        B        C        D        E       F      G
               +--------+--------+--------+--------+--------+-----+--------+
         Total |   2612 |   2550 |     62 |      0 |   2215 |   2 | 1306.0 |
       Dungeon |   2612 |   2550 |     62 |      0 |   2215 |   2 | 1306.0 |
               +--------+--------+--------+--------+--------+-----+--------+

Top non-repeatable levels by time:
     D:1: 1753 daAuts
     D:2: 858 daAuts
